 Dungeon Crawl Stone Soup version 0.30-a0-591-g3c58d2bc28 (webtiles) character file.

Game seed: 8963300937946876467

141 OTABOTABOTAB the Insei (level 5, 0/33 HPs)
             Began as an Octopode Transmuter on Jan 5, 2023.
             Slain by a worm (7 damage)
             ... on level 4 of the Dungeon.
             The game lasted 00:02:50 (1486 turns).

OTABOTABOTAB the Insei (Octopode Transmuter)        Turns: 1486, Time: 00:02:51

Health: 0/33       AC:  1    Str:  9    XL:     5   Next: 24%
Magic:  1/8        EV: 13    Int: 17    God:
Gold:   125        SH:  0    Dex: 13    Spells: 2/8 levels left

rFire   . . .      SeeInvis .      - Unarmed
rCold   . . .      Faith    .    (no shield)
rNeg    . . .      Spirit   .    (helmet restricted)
rPois   .          Reflect  .    (no amulet)
rElec   .          Harm     .    c - ring of flight {+Fly, !d}
rCorr   .          Rampage  .    (no ring)
Will    .....                    (no ring)
Stlth   ++                       (no ring)
HPRegen 0.25/turn                (no ring)
MPRegen 0.11/turn                (no ring)
                                 (no ring)
                                 (no ring)

@: flying, very slightly contaminated
A: almost no armour, amphibious, 8 rings, camouflage 1, gelatinous body 1,
(nimble swimmer 1), tentacles
a: no special abilities


You were on level 4 of the Dungeon.
You visited 1 branch of the dungeon, and saw 3 of its levels.

You collected 125 gold pieces.

Inventory:

Missiles
 b - 4 atropa-tipped darts
Jewellery
 c - a ring of flight (left tentacle) {+Fly, !d}
   (You found it on level 1 of the Dungeon)
Potions
 a - a potion of curing {unknown}
 d - a potion of haste {unknown}
 e - a potion of ambrosia {unknown}
 N - a potion of heal wounds {@q2}
 P - a potion of lignification {!q}


   Skills:
 - Level 1.0 Fighting
 - Level 2.0 Dodging
 + Level 4.1 Unarmed Combat
 - Level 2.0 Spellcasting
 + Level 3.4 Transmutations
 - Level 3.0 Poison Magic


You had 2 spell levels left.
You knew the following spells:

 Your Spells              Type           Power      Damage    Failure   Level
a - Beastly Appendage     Tmut           26%        N/A       4%          1
b - Wereblood             Tmut           13%        N/A       7%          2
c - Spider Form           Tmut/Pois      12%        N/A       16%         3

Your spell library contained the following spells:

 Spells                   Type           Power      Damage    Failure   Level
 Ice Form                 Ice/Tmut       7%         N/A       67%         4


Dungeon Overview and Level Annotations

Branches:
Dungeon (2/15)

Altars:

Annotations:
D:2 Robin


Innate Abilities, Weirdness & Mutations

You cannot wear most types of armour.
You are amphibious.
You can wear up to eight rings at the same time.
Your skin changes colour to match your surroundings (Stealth+).
Your rubbery body absorbs attacks. (AC +1, EV +1)
((You are camouflaged when in or above water. (Stealth+)))
You have tentacles for arms and can constrict up to eight enemies at once.


Message History

You barely miss the orc. The orc closely misses you.
You hit the orc.
Your transformation is almost over.
The orc completely misses you.
You hit the orc.
You feel a bit better.
You kill the orc!
An iguana comes into view.
You bite something! Something misses you.
You hit something but do no damage. Something hits you.
The orc wizard points at you and mumbles some strange words.
The puff of flame hits something.
Reactivating autopickup.
You feel a bit more experienced.
Your Transmutations skill increases to level 3!
You take 1 damage, and have 14/28 hp.
You hit the orc but do no damage.
The orc is poisoned.
You hiss as the wereblood boils in your veins!
A quokka comes into view.
You hit the orc wizard.
You hit the orc wizard but do no damage.
The orc wizard is poisoned.
The orc wizard misses you.
You barely miss the orc wizard. You hit the orc wizard.
The orc wizard looks even sicker.
The orc wizard completely misses you.
You hit the orc wizard.
You hiss as the wereblood boils in your veins!
Your transformation has ended.
The orc wizard hits you with a +0 dagger.
You take 3 damage, and have 12/28 hp.
You tentacle-slap the orc wizard.
You feel a bit better.
You kill the orc wizard!
Your primal bloodlust is almost over.
Your Unarmed Combat skill increases to level 4!
You regained 2 hp, and now have 14/28 hp.
You tentacle-slap the quokka. You grab the quokka.
You constrict the quokka, but do no damage.
The quokka closely misses you.
The spell is quite dangerous to miscast (17% risk of failure)!
Continue anyway?
You turn into a venomous arachnid creature.
You lose your grip on the quokka.
You hiss as the wereblood boils in your veins!
The quokka misses you. The quokka completely misses you.
You now have 0/7 mp.
You hit the quokka.
You feel a bit better.
You kill the quokka!
You hit the iguana.
The iguana is poisoned.
The iguana barely misses you.
You hit the iguana but do no damage.
The iguana looks as sick as possible!
The iguana misses you.
You barely miss the iguana.
Your primal bloodlust has ended.
The iguana barely misses you.
You hit the iguana but do no damage.
The iguana looks as sick as possible!
You kill the orc!
The iguana barely misses you.
You completely miss the iguana. The iguana closely misses you.
You barely miss the iguana. The iguana bites you!
* * * LOW HITPOINT WARNING * * *
You take 10 damage, and have 7/28 hp.
MASSIVE DAMAGE!!
You hit the iguana.
The iguana looks as sick as possible!
You kill the iguana!
Training target 3.0 for Poison Magic reached!
Your Poison Magic skill increases to level 3!
You have reached level 5!
You feel agile.
You regained 2 hp, and now have 9/33 hp.
You hit the orc but do no damage. The orc closely misses you.
You bite the orc!
You kill the orc!
You swing at nothing.
Items here: )))) [[ ††.
b - 4 atropa-tipped darts A worm comes into view.
Your transformation is almost over.
Items here: )))) [[ ††.
You start resting.
Your transformation has ended.
Unknown command.
You start resting.
A worm is nearby!
A worm is nearby!
Unknown command.
A worm is nearby!
Unknown command.
The spell is quite dangerous to miscast (16% risk of failure)!
Continue anyway?
You miscast Spider Form.
You are very lightly contaminated with residual magic.
Multicoloured lights dance before your eyes.
You now have 0/8 mp.
You tentacle-slap the worm but do no damage.
You grab the worm. You squeeze the worm! You constrict the worm.
The worm bites you!
* * * LOW HITPOINT WARNING * * *
You take 9 damage, and have 7/33 hp.
MASSIVE DAMAGE!!
You tentacle-slap the worm. You constrict the worm. You barely miss the worm.
You tentacle-slap the worm, but do no damage.
You constrict the worm. The worm bites you!
You die...

#.#.# #.#.# .
#.#####.#.# .
#.........# .♣♣.
#..####.###
....######## #.#
...........# #.#
...........##########.#
...........).w@.......#
..........)############
$......(...#
...........#
...........#
.....w...[.#
...........#
...........#
........?..# ###


You could see a worm.

Vanquished Creatures
  2 iguanas (D:4)
  An orc wizard (D:4)
  An adder (D:2)
  3 orcs (D:4)
  2 ball pythons (D:1)
  4 bats
  3 endoplasms
  A giant cockroach (D:1)
  2 hobgoblins
  2 jackals (D:1)
  3 quokkas
  3 frilled lizards (D:2)
  5 goblins
  A kobold (D:1)
33 creatures vanquished.

Vanquished Creatures (others)
  An orc wizard (D:4)
1 creature vanquished.

Grand Total: 34 creatures vanquished

Notes
Turn   | Place    | Note
-------+----------+-------------------------------------------
     0 | D:1      | OTABOTABOTAB the Octopode Transmuter began the quest for
                  | the Orb.
     0 | D:1      | Reached XP level 1. HP: 13/13 MP: 3/3
   170 | D:1      | Reached XP level 2. HP: 18/18 MP: 3/5
   221 | D:1      | Reached skill level 1 in Poison Magic
  1010 | D:2      | Noticed Robin
  1024 | D:2      | Reached XP level 3. HP: 9/23 MP: 4/6
  1027 | D:2      | HP: 5/23 [Robin/goblin (2)]
  1222 | D:2      | Learned a level 2 spell: Wereblood
  1226 | D:2      | Learned a level 3 spell: Spider Form
  1350 | D:2      | You are sucked into a shaft and drop 2 floors!
  1434 | D:4      | Reached skill level 2 in Poison Magic
  1434 | D:4      | Reached XP level 4. HP: 12/28 MP: 1/7
  1440 | D:4      | Reached skill level 3 in Transmutations
  1447 | D:4      | Reached skill level 4 in Unarmed Combat
  1455 | D:4      | HP: 7/28 [iguana (10)]
  1457 | D:4      | Reached skill level 3 in Poison Magic
  1457 | D:4      | Reached XP level 5. HP: 9/33 MP: 0/8
  1484 | D:4      | HP: 7/33 [worm (9)]
  1486 | D:4      | Slain by a worm

Illustrated notes

Levels and vault maps discovered:
D:1:      tarquinn_simple_flora_water_d, layout_basic, minmay_misc_feat_roman,
          minivault_26, minmay_misc_feat_room
D:2:      layout_basic, uniq_robin, uniq_jessica
D:4:      layout_basic, minmay_misc_feat_rows, chequers_mini_garden,
          uniq_blork_the_orc

Skill      XL: |  1  2  3  4 |
---------------+-------------+-----
Poison Magic   | 1 2 3 |  3.0
Transmutations | 3 |  3.4
Unarmed Combat | 4 |  4.1
Fighting       | |  1.0
Dodging        | |  2.0
Spellcasting   | |  2.0

Action                   |  1- 3 |  4- 6 || total
-------------------------+-------+-------++-------
Melee: Unarmed           |    57 |    26 ||    83
       Kick              |    11 |       ||    11
       Constrict         |    17 |     2 ||    19
       Tentacles         |     7 |     1 ||     8
       Punch             |       |     1 ||     1
Throw: Stone             |     7 |       ||     7
 Cast: Beastly Appendage |    11 |       ||    11
       Spider Form       |     1 |     1 ||     2
       Wereblood         |     1 |       ||     1
 Abil: End Transformatio |     8 |       ||     8
  Use: Scroll            |     2 |       ||     2
 Stab: Sleeping          |     2 |       ||     2
Armor: Skin              |     3 |       ||     3
Dodge: Dodged            |    27 |    14 ||    41

Table legend: (Time is in decaauts)
 A = Elapsed time spent in this place.
 B = Non-inter-level travel time spent in this place.
 C = Inter-level travel time spent in this place.
 D = Time resting spent in this place.
 E = Time spent auto-exploring this place.
 F = Levels seen in this place.
 G = Mean time per level.
                   A        B        C        D        E       F      G
               +--------+--------+--------+--------+--------+-----+--------+
         Total |   1480 |   1399 |     81 |    180 |    983 |   3 |  493.3 |
       Dungeon |   1480 |   1399 |     81 |    180 |    983 |   3 |  493.3 |
               +--------+--------+--------+--------+--------+-----+--------+

Top non-repeatable levels by time:
     D:1: 937 daAuts
     D:2: 409 daAuts
     D:4: 133 daAuts

Table legend:
 A = Kills in this place as a percentage of kills in entire the game.
 B = Kills by you in this place as a percentage of kills by you in the entire game.
 C = Kills by friends in this place as a percentage of kills by friends in the entire game.
 D = Other kills in this place as a percentage of other kills in the entire game.
 E = Experience gained in this place as a percentage of experience gained in the entire game.
 F = Experience gained in this place divided by the number of levels of this place that you have seen.
                   A       B       C       D       E      F
               +-------+-------+-------+-------+-------+----------------------
         Total | 100.0 | 100.0 |   N/A | 100.0 | 100.0 |  67.3
       Dungeon | 100.0 | 100.0 |   N/A | 100.0 | 100.0 |  67.3
               +-------+-------+-------+-------+-------+----------------------
